 Dungeon Crawl Stone Soup version 0.24-a0-769-g368c164 (webtiles) character file.

Game seed: 18042512635258712712, levelgen mode: deterministic

92 Bloodrosh the Chopper (level 4, 0/40 HPs)
             Began as a Hill Orc Fighter on Oct 5, 2019.
             Succumbed to an adder's poison
             ... on level 2 of the Dungeon.
             The game lasted 00:03:40 (997 turns).

Bloodrosh the Chopper (Hill Orc Fighter)             Turns: 997, Time: 00:03:41

Health: 0/40       AC:  7    Str: 24    XL:     4   Next: 60%
Magic:  13/13      EV: 12    Int:  8    God:
Gold:   90         SH: 10    Dex: 15    Spells: 3/3 levels left

rFire    + . .     SeeInvis .   a - +0 war axe
rCold    + . .     Gourm    .   c - +0 shield
rNeg     . . .     Faith    .   b - +0 scale mail
rPois    +         Spirit   .   (no helmet)
rElec    +         Reflect  .   (no cloak)
rCorr    +         Harm     .   (no gloves)
MR       .....                  (no boots)
Stlth    +.........             (no amulet)
HPRegen  0.13/turn              o - ring of magical power
MPRegen  0.13/turn              (no ring)

@: mighty, agile, lethally poisoned (0 -> -1), resistant
A: no striking features
a: no special abilities


You were on level 2 of the Dungeon.
You were hungry.

You visited 1 branch of the dungeon, and saw 2 of its levels.

You collected 90 gold pieces.

Inventory:

Hand Weapons
 a - a +0 war axe (weapon)
Armour
 b - a +0 scale mail (worn)
 c - a +0 shield (worn)
Jewellery
 o - a ring of magical power (left hand)
Scrolls
 h - a scroll of fear {unknown}
 i - a scroll of remove curse {unknown}
 j - a scroll of magic mapping {unknown}
 k - a scroll of identify {unknown}
 m - a scroll of enchant armour {unknown}
 n - a scroll of teleportation {unknown}
Potions
 e - a potion of agility
Comestibles
 f - 2 rations


   Skills:
 + Level 4.3 Fighting
 * Level 4.4 Axes
 + Level 3.9 Armour
 + Level 3.9 Shields


You had 3 spell levels left.
You didn't know any spells.
Your spell library was empty.

Dungeon Overview and Level Annotations

Branches:
Dungeon (2/15)

Altars:
Cheibriados
Ru


Message History

A rat comes into view.
It was a potion of agility.
You feel agile all of a sudden.
* * * LOW HITPOINT WARNING * * *
You feel sick. You block the adder's attack. The adder closely misses you.
It was a potion of resistance.
You feel protected. The adder barely misses you.
Okay, then.
Things that are here:
3 chunks of flesh; a howler monkey skeleton You feel very mighty all of a sudden.
* * * LOW HITPOINT WARNING * * *
You feel sick. The adder closely misses you.
You closely miss the adder. You block the adder's attack. x2
You miss the adder. You hit the rat.
You kill the rat!
The adder bites you but does no damage. x2
You closely miss the adder.
You die...

#.. #... #... ..#
#.$ #####.< ##
#..##.. ...
...#...#.###.#
##....%†.....#
.<.....S.###.#
####...@.....##
#.##†......# ..
#.......####### #.#
#...#.......... #
#..#.#..#######
#.#...#.## ...#
#.#.....#.# ...
#.#.≈≈≈.#.# ...
###.#≈...≈#.########


You could see an adder.

Vanquished Creatures
  A howler monkey (D:2)
  An adder (D:2)
  A worm (D:2)
  A dart slug (D:2)
  4 leopard geckos
  5 bats
  4 giant cockroaches
  4 goblins
  7 hobgoblins
  3 frilled lizards
  5 rats
36 creatures vanquished.

Notes
Turn   | Place    | Note
-------+----------+-------------------------------------------
     0 | D:1      | Bloodrosh the Hill Orc Fighter began the quest for the Orb.
     0 | D:1      | Reached XP level 1. HP: 19/19 MP: 1/1
   196 | D:1      | Reached XP level 2. HP: 24/27 MP: 2/2
   586 | D:1      | Reached XP level 3. HP: 32/33 MP: 3/3
   645 | D:2      | Found a snail-covered altar of Cheibriados.
   912 | D:2      | Found a sacrificial altar of Ru.
   969 | D:2      | Reached XP level 4. HP: 20/40 MP: 4/4
   990 | D:2      | HP: 2/40 [adder (4)]
   997 | D:2      | Succumbed to an adder's poison

Levels and vault maps discovered:
D:1:      matt_arrival_los_fun, layout_basic
D:2:      layout_loops_ring, makhleb_grotto_becter, nicolae_ru_awakened_eye,
          lemuel_crystal_altar, first_ration, minmay_pentomino_t2

Skill      XL: |  1  2  3 |
---------------+----------+-----
Axes           | 3 4 |  4.4
Fighting       | 4 |  4.3
Armour         | |  3.9
Shields        | |  3.9

Action                   |  1- 3 |  4- 6 || total
-------------------------+-------+-------++-------
Melee: War axe           |    91 |    21 ||   112
Throw: Boomerang         |     7 |       ||     7
  Use: Potion            |       |     3 ||     3
Armor: Scale mail        |    42 |     9 ||    51
Dodge: Dodged            |    29 |    11 ||    40
Block: Shield            |    41 |    15 ||    56

Table legend:
 A = Non-vault XP
 B = Vault XP
 C = Vault XP percentage of total XP
 D = Non-vault monster count
 E = Vault monster count
 F = Vault count percentage of total count
                 A         B        C        D         E       F
            +---------+---------+-------+---------+---------+-------
      Total |     119 |      13 |   9.8 |      35 |       1 |   2.8
            +---------+---------+-------+---------+---------+-------
        D:1 |      34 |       0 |   0.0 |      21 |       0 |   0.0
        D:2 |      85 |      13 |  13.3 |      14 |       1 |   6.7
            +---------+---------+-------+---------+---------+-------
